AoeStats
← Z4Ge

Arabian Desert

509263695Analyzed
1v1 RM · 7d ago on Sep 26, 2026· 17m 45s· 2 players
Game mode
Random Map
Map size
Tiny (2 player)
Population
200
Speed
Normal
Resources
Standard
Victory
Conquest
Starting age
Dark Age
Ending age
Imperial Age
RankedLock teamsTeams togetherTeam positionsShared explorationLock speedFull tech treeHidden civsTurbo modeCheats
Victory
Defeat
🇹🇷 Dravidians · Türkiye
1912
+25
🇦🇺 Italians · Australia
2125
-25
Orhan
6:41 Loom
9:18 Feudal Age
9:23 Man-at-Arms
11:53 Double-Bit Axe
12:06 Arson
14:42 Town Watch
15:00 Fletching
19:39 Castle Age
18:20 Padded Archer Armor
Z4Ge
7:11 Loom
9:12 Feudal Age
11:05 Town Watch
12:00 Double-Bit Axe
12:32 Horse Collar
13:44 Fletching
Connection lost

Rejoining the realm…

Still unreachable

The connection could not be restored.

Session expired

The server has moved on; the page needs a fresh start.